Workbook

Sheet Übersicht
A1: Finanzplan
A2: Jahresübersicht für Einnahmen, Ausgaben, Ersparnisse und Liquidität
A4: Jahr | B4: =Einstellungen!B4 -> 2026 | K4: Liquidität & Kontrolle
K5: Startliquidität | L5: =Einstellungen!B5 -> 2500
A6: Gesamte Einnahmen | C6: Gesamte Ausgaben | E6: Gesamte Ersparnisse | G6: Sparquote | K6: Mindestreserve | L6: =Einstellungen!B6 -> 1500
A7: =C27 -> 41100 | C7: =E27 -> 22457 | E7: =G27 -> 18643 | G7: =IF(C27=0,0,G27/C27) -> 0.45360097 | K7: Aktuelle Reserve | L7: =I26 -> 21143
K8: Warnung | L8: =IF(MIN(I15:I26)<Einstellungen!$B$6,"Warnung","OK") -> OK
A10: Endbestand Liquidität | C10: Höchster Ausgabenmonat | E10: Hell markierte Zellen können angepasst werden. Die Ist-Werte kommen automatisch aus der Tabelle 'Buchungen'.
A11: =I26 -> 21143 | C11: =INDEX($A$15:$A$26,MATCH(MAX($E$15:$E$26),$E$15:$E$26,0)) -> Dezember | K11: Szenarioanalyse
K12: Szenario | L12: Einnahmen | M12: Ausgaben | N12: Ersparnis
K13: Basis | L13: =B27 -> 42150 | M13: =D27 -> 26960 | N13: =L13-M13 -> 15190
A14: Monat | B14: Geplante Einnahmen | C14: Tatsächliche Einnahmen | D14: Geplante Ausgaben | E14: Tatsächliche Ausgaben | F14: Geplante Ersparnis | G14: Tatsächliche Ersparnis | H14: Abweichung | I14: Kumulierte Liquidität | K14: Optimistisch | L14: =B27*(1+Einstellungen!$B$8) -> 44257.5 | M14: =D27*(1+Einstellungen!$B$9) -> 26151.2 | N14: =L14-M14 -> 18106.3
A15: Januar | B15: 3300 | C15: =SUMIFS(Buchungen!$F$7:$F$200,Buchungen!$B$7:$B$200,$A15,Buchungen!$C$7:$C$200,"Einnahme") -> 3200 | D15: 2150 | E15: =SUMIFS(Buchungen!$F$7:$F$200,Buchungen!$B$7:$B$200,$A15,Buchungen!$C$7:$C$200,"Ausgabe") -> 1865 | F15: =B15-D15 -> 1150 | G15: =C15-E15 -> 1335 | H15: =G15-F15 -> 185 | I15: =Einstellungen!$B$5+G15 -> 3835 | K15: Vorsichtig | L15: =B27*(1+Einstellungen!$B$10) -> 39199.5 | M15: =D27*(1+Einstellungen!$B$11) -> 28577.6 | N15: =L15-M15 -> 10621.9
A16: Februar | B16: 3300 | C16: =SUMIFS(Buchungen!$F$7:$F$200,Buchungen!$B$7:$B$200,$A16,Buchungen!$C$7:$C$200,"Einnahme") -> 3200 | D16: 2200 | E16: =SUMIFS(Buchungen!$F$7:$F$200,Buchungen!$B$7:$B$200,$A16,Buchungen!$C$7:$C$200,"Ausgabe") -> 1842 | F16: =B16-D16 -> 1100 | G16: =C16-E16 -> 1358 | H16: =G16-F16 -> 258 | I16: =I15+G16 -> 5193
A17: März | B17: 3900 | C17: =SUMIFS(Buchungen!$F$7:$F$200,Buchungen!$B$7:$B$200,$A17,Buchungen!$C$7:$C$200,"Einnahme") -> 3850 | D17: 2250 | E17: =SUMIFS(Buchungen!$F$7:$F$200,Buchungen!$B$7:$B$200,$A17,Buchungen!$C$7:$C$200,"Ausgabe") -> 1705 | F17: =B17-D17 -> 1650 | G17: =C17-E17 -> 2145 | H17: =G17-F17 -> 495 | I17: =I16+G17 -> 7338
A18: April | B18: 3300 | C18: =SUMIFS(Buchungen!$F$7:$F$200,Buchungen!$B$7:$B$200,$A18,Buchungen!$C$7:$C$200,"Einnahme") -> 3200 | D18: 2180 | E18: =SUMIFS(Buchungen!$F$7:$F$200,Buchungen!$B$7:$B$200,$A18,Buchungen!$C$7:$C$200,"Ausgabe") -> 1898 | F18: =B18-D18 -> 1120 | G18: =C18-E18 -> 1302 | H18: =G18-F18 -> 182 | I18: =I17+G18 -> 8640
A19: Mai | B19: 3300 | C19: =SUMIFS(Buchungen!$F$7:$F$200,Buchungen!$B$7:$B$200,$A19,Buchungen!$C$7:$C$200,"Einnahme") -> 3200 | D19: 2230 | E19: =SUMIFS(Buchungen!$F$7:$F$200,Buchungen!$B$7:$B$200,$A19,Buchungen!$C$7:$C$200,"Ausgabe") -> 1856 | F19: =B19-D19 -> 1070 | G19: =C19-E19 -> 1344 | H19: =G19-F19 -> 274 | I19: =I18+G19 -> 9984
A20: Juni | B20: 3900 | C20: =SUMIFS(Buchungen!$F$7:$F$200,Buchungen!$B$7:$B$200,$A20,Buchungen!$C$7:$C$200,"Einnahme") -> 3900 | D20: 2350 | E20: =SUMIFS(Buchungen!$F$7:$F$200,Buchungen!$B$7:$B$200,$A20,Buchungen!$C$7:$C$200,"Ausgabe") -> 1967 | F20: =B20-D20 -> 1550 | G20: =C20-E20 -> 1933 | H20: =G20-F20 -> 383 | I20: =I19+G20 -> 11917
A21: Juli | B21: 3300 | C21: =SUMIFS(Buchungen!$F$7:$F$200,Buchungen!$B$7:$B$200,$A21,Buchungen!$C$7:$C$200,"Einnahme") -> 3200 | D21: 2200 | E21: =SUMIFS(Buchungen!$F$7:$F$200,Buchungen!$B$7:$B$200,$A21,Buchungen!$C$7:$C$200,"Ausgabe") -> 1924 | F21: =B21-D21 -> 1100 | G21: =C21-E21 -> 1276 | H21: =G21-F21 -> 176 | I21: =I20+G21 -> 13193
A22: August | B22: 3300 | C22: =SUMIFS(Buchungen!$F$7:$F$200,Buchungen!$B$7:$B$200,$A22,Buchungen!$C$7:$C$200,"Einnahme") -> 3200 | D22: 2240 | E22: =SUMIFS(Buchungen!$F$7:$F$200,Buchungen!$B$7:$B$200,$A22,Buchungen!$C$7:$C$200,"Ausgabe") -> 1901 | F22: =B22-D22 -> 1060 | G22: =C22-E22 -> 1299 | H22: =G22-F22 -> 239 | I22: =I21+G22 -> 14492
A23: September | B23: 3900 | C23: =SUMIFS(Buchungen!$F$7:$F$200,Buchungen!$B$7:$B$200,$A23,Buchungen!$C$7:$C$200,"Einnahme") -> 3800 | D23: 2260 | E23: =SUMIFS(Buchungen!$F$7:$F$200,Buchungen!$B$7:$B$200,$A23,Buchungen!$C$7:$C$200,"Ausgabe") -> 1707 | F23: =B23-D23 -> 1640 | G23: =C23-E23 -> 2093 | H23: =G23-F23 -> 453 | I23: =I22+G23 -> 16585
A24: Oktober | B24: 3300 | C24: =SUMIFS(Buchungen!$F$7:$F$200,Buchungen!$B$7:$B$200,$A24,Buchungen!$C$7:$C$200,"Einnahme") -> 3200 | D24: 2220 | E24: =SUMIFS(Buchungen!$F$7:$F$200,Buchungen!$B$7:$B$200,$A24,Buchungen!$C$7:$C$200,"Ausgabe") -> 1890 | F24: =B24-D24 -> 1080 | G24: =C24-E24 -> 1310 | H24: =G24-F24 -> 230 | I24: =I23+G24 -> 17895
A25: November | B25: 3300 | C25: =SUMIFS(Buchungen!$F$7:$F$200,Buchungen!$B$7:$B$200,$A25,Buchungen!$C$7:$C$200,"Einnahme") -> 3200 | D25: 2280 | E25: =SUMIFS(Buchungen!$F$7:$F$200,Buchungen!$B$7:$B$200,$A25,Buchungen!$C$7:$C$200,"Ausgabe") -> 1884 | F25: =B25-D25 -> 1020 | G25: =C25-E25 -> 1316 | H25: =G25-F25 -> 296 | I25: =I24+G25 -> 19211
A26: Dezember | B26: 4050 | C26: =SUMIFS(Buchungen!$F$7:$F$200,Buchungen!$B$7:$B$200,$A26,Buchungen!$C$7:$C$200,"Einnahme") -> 3950 | D26: 2400 | E26: =SUMIFS(Buchungen!$F$7:$F$200,Buchungen!$B$7:$B$200,$A26,Buchungen!$C$7:$C$200,"Ausgabe") -> 2018 | F26: =B26-D26 -> 1650 | G26: =C26-E26 -> 1932 | H26: =G26-F26 -> 282 | I26: =I25+G26 -> 21143
A27: Gesamt | B27: =SUM(B15:B26) -> 42150 | C27: =SUM(C15:C26) -> 41100 | D27: =SUM(D15:D26) -> 26960 | E27: =SUM(E15:E26) -> 22457 | F27: =SUM(F15:F26) -> 15190 | G27: =SUM(G15:G26) -> 18643 | H27: =SUM(H15:H26) -> 3453 | I27: =I26 -> 21143
A29: Hinweis | B29: Die Plan-Werte in den Spalten B und D können angepasst werden. Die Ist-Werte werden automatisch aus 'Buchungen' übernommen.

Sheet Buchungen
A1: Buchungen
A3: Nur die farblich markierten Eingabefelder bearbeiten.
A6: Datum | B6: Monat | C6: Typ | D6: Kategorie | E6: Beschreibung | F6: Betrag | G6: Steuer relevant | H6: Steuerbetrag | I6: Notiz
A7: 46023 | B7: =CHOOSE(MONTH(A7),"Januar","Februar","März","April","Mai","Juni","Juli","August","September","Oktober","November","Dezember") -> Januar | C7: Einnahme | D7: Gehalt | E7: Monatsgehalt | F7: 3200 | G7: Nein | H7: =IF(G7="Ja",F7*Einstellungen!$B$7,0) -> 0 | I7: Beispieldaten
A8: 46025 | B8: =CHOOSE(MONTH(A8),"Januar","Februar","März","April","Mai","Juni","Juli","August","September","Oktober","November","Dezember") -> Januar | C8: Ausgabe | D8: Miete | E8: Wohnungsmiete | F8: 1200 | G8: Nein | H8: =IF(G8="Ja",F8*Einstellungen!$B$7,0) -> 0 | I8: Fixkosten
A9: 46032 | B9: =CHOOSE(MONTH(A9),"Januar","Februar","März","April","Mai","Juni","Juli","August","September","Oktober","November","Dezember") -> Januar | C9: Ausgabe | D9: Lebensmittel | E9: Supermarkt | F9: 390 | G9: Nein | H9: =IF(G9="Ja",F9*Einstellungen!$B$7,0) -> 0 | I9: Variable Kosten
A10: 46034 | B10: =CHOOSE(MONTH(A10),"Januar","Februar","März","April","Mai","Juni","Juli","August","September","Oktober","November","Dezember") -> Januar | C10: Ausgabe | D10: Transport | E10: ÖPNV / Benzin | F10: 95 | G10: Nein | H10: =IF(G10="Ja",F10*Einstellungen!$B$7,0) -> 0 | I10: Mobilität
A11: 46037 | B11: =CHOOSE(MONTH(A11),"Januar","Februar","März","April","Mai","Juni","Juli","August","September","Oktober","November","Dezember") -> Januar | C11: Ausgabe | D11: Versicherungen | E11: Versicherung | F11: 180 | G11: Nein | H11: =IF(G11="Ja",F11*Einstellungen!$B$7,0) -> 0 | I11: Quartalsweise
A12: 46054 | B12: =CHOOSE(MONTH(A12),"Januar","Februar","März","April","Mai","Juni","Juli","August","September","Oktober","November","Dezember") -> Februar | C12: Einnahme | D12: Gehalt | E12: Monatsgehalt | F12: 3200 | G12: Nein | H12: =IF(G12="Ja",F12*Einstellungen!$B$7,0) -> 0 | I12: Beispieldaten
A13: 46056 | B13: =CHOOSE(MONTH(A13),"Januar","Februar","März","April","Mai","Juni","Juli","August","September","Oktober","November","Dezember") -> Februar | C13: Ausgabe | D13: Miete | E13: Wohnungsmiete | F13: 1200 | G13: Nein | H13: =IF(G13="Ja",F13*Einstellungen!$B$7,0) -> 0 | I13: Fixkosten
A14: 46063 | B14: =CHOOSE(MONTH(A14),"Januar","Februar","März","April","Mai","Juni","Juli","August","September","Oktober","November","Dezember") -> Februar | C14: Ausgabe | D14: Lebensmittel | E14: Supermarkt | F14: 410 | G14: Nein | H14: =IF(G14="Ja",F14*Einstellungen!$B$7,0) -> 0 | I14: Variable Kosten
A15: 46065 | B15: =CHOOSE(MONTH(A15),"Januar","Februar","März","April","Mai","Juni","Juli","August","September","Oktober","November","Dezember") -> Februar | C15: Ausgabe | D15: Transport | E15: ÖPNV / Benzin | F15: 92 | G15: Nein | H15: =IF(G15="Ja",F15*Einstellungen!$B$7,0) -> 0 | I15: Mobilität
A16: 46073 | B16: =CHOOSE(MONTH(A16),"Januar","Februar","März","April","Mai","Juni","Juli","August","September","Oktober","November","Dezember") -> Februar | C16: Ausgabe | D16: Freizeit | E16: Restaurant / Ausflug | F16: 140 | G16: Nein | H16: =IF(G16="Ja",F16*Einstellungen!$B$7,0) -> 0 | I16: Optional
A17: 46082 | B17: =CHOOSE(MONTH(A17),"Januar","Februar","März","April","Mai","Juni","Juli","August","September","Oktober","November","Dezember") -> März | C17: Einnahme | D17: Gehalt | E17: Monatsgehalt | F17: 3200 | G17: Nein | H17: =IF(G17="Ja",F17*Einstellungen!$B$7,0) -> 0 | I17: Beispieldaten
A18: 46084 | B18: =CHOOSE(MONTH(A18),"Januar","Februar","März","April","Mai","Juni","Juli","August","September","Oktober","November","Dezember") -> März | C18: Ausgabe | D18: Miete | E18: Wohnungsmiete | F18: 1200 | G18: Nein | H18: =IF(G18="Ja",F18*Einstellungen!$B$7,0) -> 0 | I18: Fixkosten
... A68: 46383 | B68: =CHOOSE(MONTH(A68),"Januar","Februar","März","April","Mai","Juni","Juli","August","September","Oktober","November","Dezember") -> Dezember | C68: Ausgabe | D68: Steuern | E68: Steuervorauszahlung | F68: 280 | G68: Ja | H68: =IF(G68="Ja",F68*Einstellungen!$B$7,0) -> 53.2 | I68: Steuerrelevant

Sheet Einstellungen
A1: Einstellungen
A3: Parameter | D3: Validierungslisten
A4: Jahr | B4: 2026 | D4: Typen | E4: Steuer relevant | F4: Einnahmen-Kategorien | G4: Ausgaben-Kategorien | H4: Alle Kategorien
A5: Startliquidität | B5: 2500 | D5: Einnahme | E5: Ja | F5: Gehalt | G5: Miete | H5: Gehalt
A6: Mindestreserve | B6: 1500 | D6: Ausgabe | E6: Nein | F6: Freelance | G6: Lebensmittel | H6: Freelance
A7: Steuersatz | B7: 0.19 | F7: Nebeneinkünfte | G7: Transport | H7: Nebeneinkünfte
A8: Szenario Einnahmen optimistisch % | B8: 0.05 | F8: Rückerstattung | G8: Versicherungen | H8: Rückerstattung
A9: Szenario Ausgaben optimistisch % | B9: -0.03 | F9: Kapitalerträge | G9: Gesundheit | H9: Kapitalerträge
A10: Szenario Einnahmen vorsichtig % | B10: -0.07 | F10: Sonstiges | G10: Freizeit | H10: Sonstiges
A11: Szenario Ausgaben vorsichtig % | B11: 0.06 | G11: Bildung | H11: Miete
G12: Software | H12: Lebensmittel
G13: Abonnements | H13: Transport
G14: Investitionen | H14: Versicherungen
G15: Steuern | H15: Gesundheit
G16: Sonstiges | H16: Freizeit
H17: Bildung
H18: Software
H19: Abonnements
H20: Investitionen
H21: Steuern
H22: Sonstiges
